[Event "Early-Titled-Tuesday-Blitz-October-24-2023"]
[Site "Chess.com"]
[Date "2023.10.24"]
[Round "5"]
[White "Russian_berezka"]
[Black "Rud_Makarian"]
[Result "0-1"]
[WhiteElo "2691"]
[BlackElo "2964"]
[TimeControl "180+1"]
[EndTime "8:55:29 PDT"]
[Termination "Rud_Makarian won on time"]

1. d4 Nf6 2. c4 e6 3. Nf3 d5 4.
Nc3 Nbd7 5. cxd5 exd5 6. Bg5 c6 7. e3 h6 8. Bh4 Be7 9. Bd3 O-O 10. Qc2 Re8 11. O-O Ne4 12. Bxe7 Qxe7 13. Rab1 Ndf6 14.
Ne5 Bf5 15. b4 Nxc3 16. Qxc3 Bxd3 17. Qxd3 a6 18. a4 Ne4 19. Rfc1 Nd6 20. Qe2 g6 21. Qf3 Kg7 22. g3 h5 23. h4 Qe6 24. Kg2 Re7 25. Nd3 Rae8 26. Nc5 Qf6 27. Rc2 Qxf3+ 28. Kxf3 f6 29. Re1 g5 30. Kg2 Kg6 31. hxg5 fxg5 32.
Rce2 Kf5 33. f3 Kg6 34. a5 Nf5 35. Kf2 g4 36. Nd3 gxf3 37. Nf4+ Kh6 38. Kxf3 Rg8 39. Rg1 Reg7 40. Reg2 Rg4 41. Kf2 Nd6 42. Rh1 Ne4+ 43. Kf3 Rxg3+ 44. Rxg3 Rxg3+ 45. Ke2 Rg5 46. Kf3 Rg3+ 47.
Ke2 Nf6 48. Kd3 Kg5 49. Ne6+ Kf5 50. Nc5 Kg5 51. Nxb7 Ng4 52. Re1 h4 53. Nc5 h3 54.
Nxa6 h2 55. Nc5 Rg1 0-1

[Event "Early-Titled-Tuesday-Blitz-October-24-2023"]
[Site "Chess.com"]
[Date "2023.10.24"]
[Round "5"]
[White "ilushka"]
[Black "Vesper2018"]
[Result "0-1"]
[WhiteElo "2444"]
[BlackElo "2589"]
[TimeControl "180+1"]
[EndTime "8:55:29 PDT"]
[Termination "Vesper2018 won on time"]

1. e4 c5 2. Nf3 d6 3. Bb5+ Nd7 4. O-O a6 5. Bd3 Ngf6 6. c3 e6 7. Bc2 b5 8. a4 Bb7 9. Re1 Be7 10. d4 O-O 11.
Bg5 bxa4 12. Rxa4 cxd4 13. cxd4 e5 14. dxe5 Nxe5 15. Nxe5 dxe5 16. Qxd8 Rfxd8 17. Nc3 Rac8 18. Rd1 Rxd1+ 19. Bxd1 h6 20. Bxf6 Bxf6 21. Be2 Rc6 22. Rb4 Bc8 23. Rb8 Kh7 24. g3 Be7 25. Kg2 Bc5 26.
Bc4 Bd6 27. Rxc8 Rxc8 28. Bxf7 Rb8 29. b3 a5 30. Bd5 Rc8 31. Bc4 Bb4 32. Nd5 Bd2 33. Kf3 a4 34. Nb6 a3 35. b4 Rxc4 36. Nxc4 a2 37. Nxd2 a1=Q 38. Nf1 Qc3+ 39. Ne3 Qxb4 40. h4 h5 41. g4 hxg4+ 42. Nxg4 Qd4 43. Ne3 Kg6 44. Nf5 Qd1+ 45. Kg3 Qe2 46. Ne3 Kh5 47. Nf5 Qg4+ 48. Kh2 Qf4+ 49. Kh3 Qxf2 50. Nxg7+ Kg6 51. Nf5 Qf3+ 52. Ng3 Qf2 53. Kg4 Qg2 54. h5+ Kh6 55.
Kh4 Qf3 56. Nf5+ Kh7 57. Ng3 Qf4+ 58. Kh3 Kh6 59. Kg2 Kg5 60. Kh3 Qf3 61. Kh2 Kg4 0-1

[Event "Early-Titled-Tuesday-Blitz-October-24-2023"]
[Site "Chess.com"]
[Date "2023.10.24"]
[Round "5"]
[White "amanjazu"]
[Black "Mistango"]
[Result "1-0"]
[WhiteElo "2419"]
[BlackElo "2513"]
[TimeControl "180+1"]
[EndTime "8:55:30 PDT"]
[Termination "amanjazu won on time"]

1. g3 Nf6 2. Bg2 e5 3. c4 Nc6 4. Nc3 Bb4 5. e3 Bxc3 6. bxc3 d6 7. Ne2 O-O 8. O-O Be6 9. Qa4 Qd7 10. Re1 a6 11.
Rb1 Rfb8 12. Rxb7 Rxb7 13. Bxc6 Qc8 14. d4 Bd7 15. Bxb7 Bxa4 16. Bxc8 Rxc8 17. Ba3 Ne4 18. dxe5 Nd2 19. exd6 Nf3+ 20. Kf1 Nxe1 21. Kxe1 cxd6 22. Bxd6 Rxc4 23. Kd2 Rc6 24. Bb4 Rb6 25. e4 Bc6 26.
Ke3 a5 27. Bxa5 Ra6 28. Bb4 Rxa2 29. Nd4 Bd7 30. h4 f6 31. c4 Ra4 32. Nc2 Ra2 33.
Nd4 Ra4 34. Nc2 Kf7 35. f4 Bc6 36. Kd4 Ke6 37. Bf8 g6 38. Ne3 Bb7 39. Bc5 Ba6 40.
g4 Ra2 41. f5+ gxf5 42. exf5+ Kd7 43. g5 fxg5 44. hxg5 1-0

[Event "Early-Titled-Tuesday-Blitz-October-24-2023"]
[Site "Chess.com"]
[Date "2023.10.24"]
[Round "5"]
[White "Alina_Gumerovna"]
[Black "Savagelittlemole"]
[Result "0-1"]
[WhiteElo "2099"]
[BlackElo "2517"]
[TimeControl "180+1"]
[EndTime "8:55:30 PDT"]
[Termination "Savagelittlemole won by resignation"]

1. e4 c5 2. Nf3 d6 3. d4 cxd4 4.
Nxd4 Nf6 5. f3 e5 6. Nb3 Be7 7. c4 O-O 8. Nc3 Be6 9. Be3 Qd7 10. Be2 Rc8 11. Nd2 a6 12. O-O Bd8 13. Rc1 Nc6 14.
b3 Nd4 15. Bxd4 exd4 16. Nd5 Bxd5 17. exd5 Bb6 18. Bd3 Re8 19. Qc2 Re3 20. Rfd1 Rae8 21. Nf1 R3e5 22. b4 Ba7 23. f4 Re4 24. Qf2 Ng4 25.
Qf3 f5 26. c5 dxc5 27. bxc5 Ne3 28. Bxe4 fxe4 29. Qh5 Nxd1 30. Rxd1 Bxc5 31. Ng3 g6 32.
Qg5 d3+ 33. Kh1 e3 34. Rxd3 e2 35. Nxe2 Rxe2 36. h3 Re1+ 37. Kh2 Bg1+ 38. Kg3 Re3+ 39. Rxe3 Bxe3 40. Qe5 Bc5 41. a4 Bd6 42. Qe4 g5 43.
Kf3 Bxf4 44. a5 Bd6 45. Qc4 Qf5+ 46. Ke2 Qe5+ 47. Kf1 Qf4+ 48. Qxf4 Bxf4 0-1

[Event "Early-Titled-Tuesday-Blitz-October-24-2023"]
[Site "Chess.com"]
[Date "2023.10.24"]
[Round "5"]
[White "Iball95"]
[Black "wonderfultime"]
[Result "1-0"]
[WhiteElo "2854"]
[BlackElo "2995"]
[TimeControl "180+1"]
[EndTime "8:55:33 PDT"]
[Termination "Iball95 won by resignation"]

1. e4 e5 2. Nf3 Nc6 3. Nc3 Nf6 4. Bb5 Nd4 5. Nxd4 exd4 6. e5 dxc3 7. exf6 Qxf6 8. dxc3 Bc5 9. O-O O-O 10. a4 c6 11. Bd3 d5 12. Qd2 Re8 13. Qf4 Qe7 14. Bd2 Bd6 15. Qf3 Qh4 16. h3 Bd7 17. a5 Re6 18.
Rae1 Rae8 19. Re3 Rxe3 20. Bxe3 a6 21. Re1 g6 22. Re2 Qd8 23. Bb6 Bc7 24. Rxe8+ Bxe8 25. Bxc7 Qxc7 26. b4 Bd7 27. Qf6 Be6 28. h4 Qd7 29. h5 Qe8 30. f3 Bd7 31. Kf2 Qe6 32. Qxe6 Bxe6 33. hxg6 hxg6 34. Ke3 Kf8 35. Kd4 Ke7 36.
Kc5 Kd8 37. Kd6 Kc8 38. Bxg6 Kd8 39. Bd3 Bc8 40. g4 Bd7 41. g5 Bh3 42. f4 Bg2 43. f5 Be4 44. g6 fxg6 45. fxg6 Ke8 46. Kc7 1-0

[Event "Early-Titled-Tuesday-Blitz-October-24-2023"]
[Site "Chess.com"]
[Date "2023.10.24"]
[Round "5"]
[White "js20000"]
[Black "lefonghua"]
[Result "0-1"]
[WhiteElo "2895"]
[BlackElo "2676"]
[TimeControl "180+1"]
[EndTime "8:55:35 PDT"]
[Termination "lefonghua won by resignation"]

1. Nf3 Nf6 2. c3 g6 3. d4 Bg7 4. Bf4 O-O 5. h3 d6 6. Nbd2 b6 7. Bh2 c5 8. e4 Bb7 9. Bd3 Nc6 10. O-O cxd4 11. cxd4 e5 12. d5 Nb4 13. Bc4 a5 14. Re1 Rc8 15. a3 Na6 16. Rb1 Nc5 17. b4 axb4 18.
axb4 Ncxe4 19. Nxe4 Rxc4 20. Nxf6+ Qxf6 21. Qa4 Bxd5 22. Qb5 Be6 23. Qxb6 Qd8 24. Qxd8 Rxd8 25. Rbd1 Rd7 26.
Ng5 Rxb4 27. Nxe6 fxe6 28. Bxe5 Bxe5 29. Rxe5 Kf7 30. Re3 d5 31. Red3 d4 32. f3 e5 33.
Re1 Kf6 34. Ra3 Rd6 35. Ra8 d3 36. Rf8+ Kg7 37. Re8 d2 38. Rd1 Kf6 39. Kf2 h5 40. Ke2 Rb2 41. Rf8+ Ke7 42. Rc8 h4 43. Rh8 Rd4 44. Rg8 Kf7 45. Rc8 Rd6 46. Rc4 g5 47. Re4 Kf6 48. Re3 Kf5 49. Re4 Rd4 50. Ke3 Rb3+ 51. Kf2 Rxe4 52. fxe4+ Kxe4 53. Rxd2 Kf4 54. Kf1 e4 55. Rf2+ Ke3 56. Re2+ Kd3 57. Re1 Rb2 58. Kg1 e3 59. Kf1 Rd2 60. Ra1 e2+ 61. Ke1 Ke3 62.
Ra3+ Rd3 63. Rxd3+ Kxd3 64. g4 hxg3 65. h4 g2 0-1

[Event "Early-Titled-Tuesday-Blitz-October-24-2023"]
[Site "Chess.com"]
[Date "2023.10.24"]
[Round "5"]
[White "brm72"]
[Black "I_am_Javi"]
[Result "0-1"]
[WhiteElo "2553"]
[BlackElo "2798"]
[TimeControl "180+1"]
[EndTime "8:55:35 PDT"]
[Termination "I_am_Javi won by checkmate"]

1. e4 e5 2. Nf3 Nc6 3. Bc4 g6 4. d4 exd4 5. Nxd4 Bg7 6. Be3 Nge7 7. O-O O-O 8. Nc3 Ne5 9. Bb3 c5 10. Nf3 c4 11. Nxe5 cxb3 12. Nc4 bxc2 13. Qxc2 d5 14. exd5 Nxd5 15. Rad1 Nxe3 16. Nxe3 Qh4 17. g3 Qh5 18. Ncd5 Bh3 19. Nf4 Qh6 20. Nxh3 Qxh3 21. Qb3 b6 22.
Nd5 h5 23. Rfe1 Kh7 24. Re4 Rad8 25. Rde1 Qf5 26. Nf4 Rd2 27. R4e2 Rfd8 28. Qb4 Rxe2 29. Rxe2 Rd1+ 30. Kg2 Qb1 31. b3 Rg1+ 32. Kf3 Qf5 33.
Qe4 Qg4+ 34. Ke3 Rc1 35. f3 Qd7 36. Nxh5 Rc3+ 37. Kf2 Qd4+ 38. Kg2 Qxe4 39. fxe4 gxh5 40. e5 Rc5 41. e6 fxe6 42. Rxe6 Rc2+ 43. Kh3 Rxa2 44.
Re7 Kg6 45. Re6+ Bf6 46. Rc6 Rb2 47. Rc7 a5 48. Rc6 Rxb3 49. Kg2 a4 50. h3 a3 51. g4 hxg4 52. hxg4 a2 53. Rxb6 Rxb6 54. g5 Kxg5 55. Kh2 Rb3 56. Kg2 a1=Q 57. Kh2 Qa2+ 58. Kg1 Rb1# 0-1

[Event "Early-Titled-Tuesday-Blitz-October-24-2023"]
[Site "Chess.com"]
[Date "2023.10.24"]
[Round "5"]
[White "Alexei_Gubajdullin"]
[Black "tusplingher"]
[Result "1-0"]
[WhiteElo "2739"]
[BlackElo "2505"]
[TimeControl "180+1"]
[EndTime "8:55:35 PDT"]
[Termination "Alexei_Gubajdullin won by checkmate"]

1. d4 Nf6 2. Nf3 c5 3. Bf4 cxd4 4.
Qxd4 Nc6 5. Qa4 Qb6 6. Qb3 Qxb3 7. axb3 d6 8. Nc3 Bf5 9. O-O-O O-O-O 10. e3 e5 11. Bg5 Be7 12. Bc4 Bg6 13. Nh4 Rhf8 14. f3 Ng8 15. Bxe7 Ngxe7 16. Nxg6 hxg6 17. Rd2 Nf5 18. Nd5 Nce7 19. Nxe7+ Nxe7 20. Rhd1 Kc7 21. b4 f6 22. h3 Rh8 23. Be6 Nc6 24. c3 g5 25. Kc2 Rhe8 26. Bc4 a6 27. b5 Na5 28.
Bf1 axb5 29. Bxb5 Nc6 30. Bd3 d5 31. Bg6 Re7 32. Rxd5 Rxd5 33. Rxd5 Kb6 34. Be4 Rc7 35.
Rd6 Kc5 36. Re6 Nd8 37. b4+ Kb5 38. Bd3+ Ka4 39. Re8 Rc8 40. Kb2 Rb8 41. Re7 Nc6 42. Rxg7 Rd8 43. Kc2 b6 44. Rc7 Rd6 45. g3 f5 46. h4 gxh4 47. gxh4 e4 48. fxe4 fxe4 49. Bxe4 Ne5 50. h5 Kb5 51. Re7 Nc4 52. Bd3 Rh6 53. Re4 Ka4 54. Bxc4 Rxh5 55. Re7 Rh2+ 56. Kd3 Ka3 57.
Ra7+ Kb2 58. Ra2+ Kb1 59. Rxh2 b5 60. Bb3 Ka1 61. c4 bxc4+ 62. Kxc4 Kb1 63. Kc3 Ka1 64. Rh1# 1-0

[Event "Early-Titled-Tuesday-Blitz-October-24-2023"]
[Site "Chess.com"]
[Date "2023.10.24"]
[Round "5"]
[White "M_One1126"]
[Black "artin10862"]
[Result "0-1"]
[WhiteElo "2633"]
[BlackElo "2876"]
[TimeControl "180+1"]
[EndTime "8:55:39 PDT"]
[Termination "artin10862 won by resignation"]

1. e4 g6 2. d4 Bg7 3. Nc3 d6 4. h3 a6 5. a4 Nf6 6. Nf3 O-O 7. Bc4 b6 8. O-O e6 9. Bg5 h6 10. Bf4 Bb7 11. Re1 Nxe4 12. Nxe4 d5 13. Bd3 dxe4 14.
Bxe4 Bxe4 15. Rxe4 Nc6 16. c3 Qd7 17. Qc2 Rad8 18.
Rae1 Ne7 19. Ne5 Qc8 20. Qc1 Kh7 21. R4e2 c5 22. dxc5 Qxc5 23. b4 Qc8 24. c4 Nc6 25. Nxc6 Qxc6 26. b5 axb5 27. axb5 Qb7 28. c5 bxc5 29.
Qxc5 Rd5 30. Qc6 Rxb5 31. Qxb7 Rxb7 32. g4 Rc8 33. Kg2 Bf6 34. Be5 Be7 35. Rd1 g5 36.
Rd3 Kg6 37. Rf3 Rc5 38. Rd3 h5 39. Bd6 Bxd6 40. Rxd6 Rc4 41. gxh5+ Kxh5 42. Rd8 Kg6 43. Ra2 Rh4 44. Ra3 Rf4 45. Rf3 Rxf3 46. Kxf3 Rb3+ 47. Kg2 Kf5 48. Rd7 f6 49. Rf7 Ke5 50. Rg7 Kf4 51. Rg6 Ke5 52. Rg8 Rb5 53. Rg7 Kf4 54. Rg6 Rf5 55.
Rh6 e5 56. Rh8 e4 57. Rh6 Ke5 58. Rh8 Rf3 59. Re8+ Kf4 60. Re6 f5 61. Re8 e3 62.
fxe3+ Rxe3 63. Rf8 Re2+ 64. Kf1 Rh2 65. Rh8 g4 66. h4 Kg3 67. h5 Rh1+ 68. Ke2 f4 69. h6 f3+ 70. Ke3 f2 71. Rf8 Re1+ 72. Kd2 f1=Q 73.
Rxf1 Rxf1 74. h7 Rh1 75. h8=Q Rxh8 0-1

[Event "Early-Titled-Tuesday-Blitz-October-24-2023"]
[Site "Chess.com"]
[Date "2023.10.24"]
[Round "5"]
[White "JoliyRoger"]
[Black "Orujov2008"]
[Result "1-0"]
[WhiteElo "2476"]
[BlackElo "2741"]
[TimeControl "180+1"]
[EndTime "8:55:40 PDT"]
[Termination "JoliyRoger won by resignation"]

1. Nf3 Nf6 2. d4 d5 3. c4 e6 4. Nc3 Be7 5. Bg5 h6 6. Bh4 Ne4 7. Bxe7 Qxe7 8. e3 O-O 9. Bd3 Nxc3 10. bxc3 c6 11. O-O dxc4 12. Bxc4 Nd7 13. Qb3 e5 14.
Rfe1 e4 15. Nd2 Kh8 16. Qb4 Qe8 17. a4 f5 18. a5 a6 19. Rab1 Nf6 20. Qc5 Qd8 21.
Be2 Rf7 22. Nc4 Rc7 23. g3 Be6 24. Ne5 Kh7 25. Rb2 Nd7 26. Nxd7 Qxd7 27. Reb1 Re8 28. Rb6 Qf7 29. Qd6 Bc8 30. Qc5 Qa2 31. Bc4 Qd2 32. Qb4 h5 33. h4 Rce7 34. Qb2 Qxb2 35. R1xb2 Kh6 36. d5 Rc7 37. Be2 g6 38. dxc6 Rxc6 39. Rxc6 bxc6 40. Rb6 Rd8 41. Bxa6 Be6 42. Rxc6 Bd5 43.
Rc5 Bb3 44. Rb5 Bd1 45. Rb1 Bf3 46. Bf1 Rc8 47. Ra1 Rxc3 48. a6 Rc8 49. a7 Ra8 50. Bb5 Kg7 51. Bc6 1-0

[Event "Early-Titled-Tuesday-Blitz-October-24-2023"]
[Site "Chess.com"]
[Date "2023.10.24"]
[Round "5"]
[White "twofoxniel"]
[Black "Resignify"]
[Result "1-0"]
[WhiteElo "2583"]
[BlackElo "2297"]
[TimeControl "180+1"]
[EndTime "8:55:41 PDT"]
[Termination "twofoxniel won on time"]

1. e4 d6 2. Nf3 Nf6 3. Nc3 g6 4. Bc4 Bg7 5. d3 c6 6. O-O d5 7. exd5 cxd5 8. Bb3 h6 9. h3 O-O 10. Re1 Nc6 11. Bf4 Na5 12. Qd2 Kh7 13. Be5 Nxb3 14.
axb3 e6 15. Qe3 a6 16. Qd4 Bd7 17. Re2 Bc6 18. Rae1 Rg8 19. Qh4 Nh5 20. Qd4 Nf6 21. Qf4 Rf8 22. Bc7 Qc8 23. Bd6 Rg8 24. Be5 Qd8 25.
Nd4 Rc8 26. g4 Rf8 27. Bd6 Rg8 28. b4 Be8 29. Be5 Nd7 30. Bxg7 Rxg7 31. Qd6 Qc7 32. Qxc7 Rxc7 33. b5 a5 34. Na4 Nc5 35. Nb6 Nd7 36.
Nxd7 Bxd7 37. c3 b6 38. f4 Rc5 39. Ra1 Rg8 40. Rd2 Rgc8 41. Kf2 Kg7 42. Ke3 Kf8 43. Ra3 Ke7 44. Rc2 Bxb5 45. b4 axb4 46. Ra7+ Ke8 47. f5 b3 48. Nxb3 Rxc3 49. Rxc3 Rxc3 50. Ra8+ Ke7 51. Na1 Rxd3+ 52. Kf2 Rc3 53. Rb8 f6 54. fxg6 f5 55. Rb7+ Kf6 56. g7 1-0

[Event "Early-Titled-Tuesday-Blitz-October-24-2023"]
[Site "Chess.com"]
[Date "2023.10.24"]
[Round "5"]
[White "itsdsyr"]
[Black "N4700000"]
[Result "0-1"]
[WhiteElo "2293"]
[BlackElo "2537"]
[TimeControl "180+1"]
[EndTime "8:55:42 PDT"]
[Termination "N4700000 won by resignation"]

1. d4 Nf6 2. c4 g6 3. Nf3 Bg7 4. g3 O-O 5. Bg2 d6 6. O-O Nc6 7. Nc3 a6 8. b3 Rb8 9. a4 e5 10. d5 Nd4 11. Bb2 Nxf3+ 12. Bxf3 a5 13. Nb5 Bh3 14. Bg2 Bxg2 15. Kxg2 Nd7 16. Bc3 b6 17. Rb1 Nc5 18. b4 axb4 19. Bxb4 Ra8 20. Bxc5 dxc5 21.
Rb3 Rxa4 22. Rc3 Ra2 23. Rc2 Ra4 24. Qd3 f5 25. Rd1 e4 26. Qb3 Rb4 27. Qa3 f4 28. f3 exf3+ 29. exf3 fxg3 30. hxg3 Qe7 31. Qd3 Be5 32.
f4 Bd6 33. Re2 Qf7 34. Rde1 Qf5 35. Qf3 Rxc4 36. Na7 Rc2 37. Nc6 Rxe2+ 38. Rxe2 c4 39. Nd4 Qd3 40. Ne6 Qxf3+ 41. Kxf3 Ra8 42. Kg4 b5 43. Nd4 b4 44. Ne6 b3 45. Ng5 c3 46.
Ne4 c2 47. Re1 b2 48. Nc3 c1=Q 49. Rxc1 bxc1=Q 50. Ne4 Qd1+ 0-1

[Event "Early-Titled-Tuesday-Blitz-October-24-2023"]
[Site "Chess.com"]
[Date "2023.10.24"]
[Round "5"]
[White "deepfear"]
[Black "rajesh1464"]
[Result "0-1"]
[WhiteElo "1782"]
[BlackElo "2309"]
[TimeControl "180+1"]
[EndTime "8:55:43 PDT"]
[Termination "rajesh1464 won on time"]

1. e4 c5 2. Nc3 Nc6 3. g3 g6 4.
Bg2 Bg7 5. d3 h5 6. Be3 d6 7.
Nf3 Nf6 8. Qd2 Rb8 9. h3 b6 10. a4 a6 11. O-O h4 12. g4 e5 13. Ng5 Nh7 14. Nxh7 Rxh7 15. f4 f6 16. Nd5 Be6 17. c3 Ne7 18. fxe5 fxe5 19. Nf6+ Bxf6 20. Rxf6 Kd7 21.
d4 Ng8 22. Rxg6 Bf7 23. Rg5 exd4 24. cxd4 c4 25. e5 d5 26. Rf1 Be6 27. Rh5 Rxh5 28. gxh5 Kc6 29. Bg5 Qd7 30. Qb4 b5 31. Qa5 b4 32.
Rc1 b3 33. Qc3 Kb7 34. a5 Rf8 35. Ra1 Rf5 36. Bxh4 Rxh5 37. Qxc4 Rxh4 38. Qxb3+ Ka8 39. Qb6 Bxh3 40. Qxa6+ Kb8 41. Qb6+ Ka8 42. Qa6+ Qa7 43. Qc6+ Qb7 44. Qe8+ Ka7 45. a6 Qg7 0-1

[Event "Early-Titled-Tuesday-Blitz-October-24-2023"]
[Site "Chess.com"]
[Date "2023.10.24"]
[Round "5"]
[White "GroovyKettle"]
[Black "Sokoloco"]
[Result "1-0"]
[WhiteElo "2980"]
[BlackElo "2731"]
[TimeControl "180+1"]
[EndTime "8:55:45 PDT"]
[Termination "GroovyKettle won by resignation"]

1. e4 d6 2. Nf3 g6 3. d4 Bg7 4.
Bc4 e6 5. Bb3 Nf6 6. O-O Nxe4 7.
Re1 d5 8. c4 O-O 9. Nc3 Nxc3 10.
bxc3 dxc4 11. Bxc4 c5 12. Bg5 Qc7 13. Rc1 cxd4 14.
cxd4 Nc6 15. d5 exd5 16. Bxd5 Qa5 17. Be7 Nxe7 18. Rxe7 Bf6 19. Rec7 Bg4 20. Qb3 Rac8 21. Bxf7+ Kh8 22. Rxc8 Rxc8 23. Rxc8+ Bxc8 24. Be6 Qc7 25. g3 Kg7 26. Bxc8 Qxc8 27. h4 Qc6 28. Nh2 Qc1+ 29. Kg2 Qc6+ 30. Kf1 Qc1+ 31. Ke2 Qc6 32. Nf3 Qe4+ 33.
Kf1 h5 34. Kg1 Qc6 35. Qd3 b5 36. Nd2 Qc1+ 37. Kg2 Qc6+ 38. Kf1 a5 39. Ne4 b4 40. Kg1 a4 41. Nxf6 Qxf6 42. Qd7+ Kh6 43. Qxa4 Qa1+ 44.
Kg2 Qc3 45. Qa8 Qb2 46. Qg8 Qf6 47. Kg1 Qa1+ 48. Kh2 Qf6 49. Kg2 Qc6+ 50. Kg1 Qf6 51. Qc4 Qa1+ 52. Kg2 Qb2 53. Kf3 Kg7 54. Ke3 Qa3+ 55.
Ke4 Qb2 56. Qd4+ Qxd4+ 57. Kxd4 Kf6 58. Kc4 g5 59. hxg5+ Kxg5 60. Kxb4 Kg4 61. a4 Kf3 62. a5 Kxf2 63. a6 Kxg3 64. a7 h4 65. a8=Q h3 66. Qh1 1-0

[Event "Early-Titled-Tuesday-Blitz-October-24-2023"]
[Site "Chess.com"]
[Date "2023.10.24"]
[Round "5"]
[White "Grischuk"]
[Black "Yeremyan_ChessMate"]
[Result "1-0"]
[WhiteElo "2996"]
[BlackElo "2777"]
[TimeControl "180+1"]
[EndTime "8:55:46 PDT"]
[Termination "Grischuk won by checkmate"]

1. d4 Nf6 2. c4 g6 3. g3 Bg7 4. Bg2 O-O 5. Nc3 c6 6. e4 d5 7. e5 Ne4 8. cxd5 cxd5 9. Nge2 Nxc3 10. bxc3 Nc6 11. Nf4 e6 12. h4 h6 13. O-O Bd7 14. Re1 Na5 15. Rb1 Rc8 16. Re3 Nc4 17. Rf3 b5 18.
Bf1 a5 19. Ng2 Qc7 20. Ne3 Nxe3 21. Rxe3 f6 22. exf6 Rxf6 23. Bxb5 Rcf8 24. Bxd7 Qxd7 25. Rb2 Qf7 26. Qe1 Kh7 27. Rbe2 Rb8 28. Ba3 Rf3 29. Rxf3 Qxf3 30. Rxe6 Qd3 31. Re3 Rb1 32. Rxd3 Rxe1+ 33.
Kg2 Re2 34. Bc5 Rxa2 35. Re3 Kg8 36. Re8+ Kf7 37. Re7+ Kf6 38. Rd7 Rc2 39. Rxd5 Rxc3 40. Rd7 a4 41. Ra7 Rc4 42. Kf3 g5 43. h5 Bh8 44. Ke4 Rc2 45. f4 gxf4 46. gxf4 Rc4 47. Kd3 Rc1 48. Ke4 Rh1 49. Ra6+ Kg7 50. Rxa4 Rxh5 51.
Ra7+ Kf6 52. Bd6 Ke6 53. Be5 Bxe5 54. dxe5 Rh1 55. f5# 1-0

[Event "Early-Titled-Tuesday-Blitz-October-24-2023"]
[Site "Chess.com"]
[Date "2023.10.24"]
[Round "5"]
[White "whitemirrorninja"]
[Black "leandrojimenez"]
[Result "1-0"]
[WhiteElo "2578"]
[BlackElo "2424"]
[TimeControl "180+1"]
[EndTime "8:55:46 PDT"]
[Termination "whitemirrorninja won by checkmate"]

1. b3 e5 2. Bb2 Nc6 3. e3 Nf6 4. Bb5 Bd6 5. Ne2 O-O 6. O-O a6 7. Bxc6 dxc6 8. f4 Re8 9. fxe5 Bxe5 10. Bxe5 Rxe5 11. Nbc3 c5 12. Qe1 b5 13. Rd1 Bb7 14.
Qg3 Qd6 15. Nf4 h6 16. h4 Rae8 17. Nd3 Rh5 18. Qxd6 cxd6 19. g3 Ne4 20. Nxe4 Rxe4 21. Rf4 g5 22. Rxe4 Bxe4 23. Nf2 Bxc2 24. Rc1 Bg6 25.
Ng4 gxh4 26. Nf6+ Kg7 27. Nxh5+ Bxh5 28. gxh4 Be2 29. Kf2 Bd3 30. Rc3 c4 31. b4 Kf6 32.
Ra3 Ke5 33. Rxa6 f5 34. Rc6 Bb1 35. a3 Bc2 36. Rb6 Ba4 37. Kf3 Bd1+ 38. Kf2 h5 39. Ke1 Bb3 40. Rxb5+ Ke4 41. Ke2 Bc2 42. Rb6 Bd3+ 43.
Kf2 Kd5 44. Rb5+ Ke4 45. Rb6 Kd5 46. Rb8 Bc2 47. Ra8 Ke4 48. Ke2 Bd3+ 49. Kf2 Bc2 50. Ke2 Bd3+ 51. Ke1 Bc2 52. Rh8 f4 53. exf4 Kxf4 54.
Rxh5 Ke4 55. Rg5 d5 56. Rg4+ Kd3 57. Rg3+ Ke4 58. h5 d4 59. b5 Kf4 60. Rg7 d3 61. h6 c3 62. dxc3 Ke3 63. Re7+ Kf4 64. Kd2 Bb3 65.
h7 Bg8 66. h8=Q Bh7 67. Qg7 Bf5 68. Qf8 Kg4 69. Qf6 Be4 70. Rg7+ Kh5 71. Qg5# 1-0

[Event "Early-Titled-Tuesday-Blitz-October-24-2023"]
[Site "Chess.com"]
[Date "2023.10.24"]
[Round "5"]
[White "Estrategia_vs_Tactica"]
[Black "Mikhail_Golubev"]
[Result "0-1"]
[WhiteElo "2270"]
[BlackElo "2527"]
[TimeControl "180+1"]
[EndTime "8:55:48 PDT"]
[Termination "Mikhail_Golubev won by resignation"]

1. e4 c5 2. Nf3 g6 3. d4 cxd4 4. Nxd4 Nf6 5. f3 Bg7 6. c4 O-O 7. Nc3 e6 8. Nb3 Nc6 9. Be3 d5 10. Be2 Nxe4 11. fxe4 d4 12. Bd2 dxc3 13. Bxc3 Qh4+ 14.
g3 Qxe4 15. Rf1 Bxc3+ 16. bxc3 Rd8 17. Qb1 Qe3 18. Qc1 Qxc1+ 19. Rxc1 Bd7 20. Nc5 b6 21. Ne4 Kg7 22. Rd1 Ne5 23. Rd4 Bc6 24. Nd6 Rd7 25. Kf2 Rad8 26. Rfd1 Kf8 27. Ke3 Ke7 28. Ne4 Bxe4 29.
Kxe4 Nc6 30. Rxd7+ Rxd7 31. Rxd7+ Kxd7 32. h4 Kd6 33. g4 Ne5 34. g5 Nd7 35. a3 f6 36. Kf4 f5 37. Ke3 e5 38. Bf1 Nc5 39.
Bg2 Ne6 40. Bd5 Nf4 41. Bg8 Ng2+ 42. Kf2 Nf4 43. Ke3 Ng2+ 44. Kf2 Nxh4 45. Bxh7 f4 46.
Bg8 e4 47. Bf7 Ke5 48. Be8 e3+ 49. Ke2 Kf5 50. Bd7+ Kxg5 51. a4 Kf6 52. a5 Ke5 53. axb6 axb6 54. Bg4 Kd6 55. Kd3 Kc5 56. Ke4 g5 57.
Ke5 f3 58. Ke4 e2 0-1

[Event "Early-Titled-Tuesday-Blitz-October-24-2023"]
[Site "Chess.com"]
[Date "2023.10.24"]
[Round "5"]
[White "SashaKuzhilniy"]
[Black "guillembaches"]
[Result "1-0"]
[WhiteElo "2649"]
[BlackElo "2489"]
[TimeControl "180+1"]
[EndTime "8:55:50 PDT"]
[Termination "SashaKuzhilniy won on time"]

1. b3 d5 2. Bb2 Bf5 3. d3 e6 4. Nd2 h6 5. g3 Nf6 6. Bg2 c6 7. e4 Bh7 8. Qe2 Nbd7 9. Ngf3 dxe4 10. dxe4 Bb4 11. O-O O-O 12. Rfd1 Qc7 13. a3 Bxd2 14.
Nxd2 Rfd8 15. Nc4 Ne8 16. a4 Nb6 17. Be5 Qe7 18. Ne3 Rxd1+ 19. Rxd1 Rd8 20. h4 Rxd1+ 21. Qxd1 Qd7 22. Qxd7 Nxd7 23. Bd4 c5 24. Bc3 Nd6 25. f3 b6 26. Bf1 f5 27. exf5 Nxf5 28. Bc4 Nxe3 29.
Bxe6+ Kf8 30. Bxd7 Nxc2 31. Kf2 Bg8 32. Be5 Bxb3 33.
Bd6+ Kf7 34. Bb8 a6 35. Ba7 b5 36. axb5 axb5 37. Bxc5 Bc4 38. Bf5 Na1 39. Ke3 Nb3 40.
Bb4 g5 41. h5 Kf6 42. Bc2 Bf7 43. g4 Kg7 44. f4 gxf4+ 45. Kxf4 Nc1 46. Bc3+ Kg8 47. Ke5 Ne2 48. Bd2 Ng3 49. Bxh6 Nxh5 50. Bd2 Ng7 51. Kf6 Bc4 52. Be4 Ne6 53. Bb4 Nf8 54.
Bf5 Nh7+ 55. Ke5 Kg7 56. Bc3 Kh6 57. Kd6 Be2 58. Bd2+ Kg7 59. Ke5 Nf8 60. Bc3 Ng6+ 61. Ke6+ Kh6 62. Kf6 Nf4 63. Bd2 1-0

[Event "Early-Titled-Tuesday-Blitz-October-24-2023"]
[Site "Chess.com"]
[Date "2023.10.24"]
[Round "5"]
[White "RCone"]
[Black "Apocalyps999"]
[Result "1-0"]
[WhiteElo "2432"]
[BlackElo "2296"]
[TimeControl "180+1"]
[EndTime "8:55:52 PDT"]
[Termination "RCone won by resignation"]

1. e4 e5 2. Bc4 Nf6 3. Nc3 Nxe4 4. Qh5 Nd6 5. Bb3 Nc6 6. Nb5 g6 7. Qf3 f5 8. Qd5 Qe7 9. Nxc7+ Kd8 10. Nxa8 b6 11. Ne2 Bb7 12. Qd3 e4 13. Qh3 Bxa8 14.
O-O Ne5 15. d4 Ng4 16. Bf4 g5 17. Be5 Nxe5 18. dxe5 Qxe5 19. Qh5 Qf6 20. Rad1 Be7 21. Nc3 Qg6 22. Qxg6 hxg6 23. Bd5 Bxd5 24. Nxd5 Nc4 25. b3 Ne5 26. Nxe7 Kxe7 27. Rd5 Ke6 28. Rfd1 Nd3 29.
Rd4 Nc5 30. b4 Na4 31. Rd6+ Ke5 32. R1d5+ Kf4 33. Rxd7 Nc3 34. Rd2 Nb1 35. Re2 Nc3 36. g3+ Kg4 37. Re3 Nd1 38. Rxd1 Rc8 39. Rd2 Rc4 40.
Kg2 Rxb4 41. h3+ Kh5 42. Rb3 Ra4 43. c4 Kh6 44. Rc3 Ra5 45. Rd5 Rc5 46. Rxc5 bxc5 47. Ra3 a5 48. Rxa5 Kg7 49. Rxc5 Kf6 50. a4 f4 51. g4 f3+ 52. Kg3 Ke7 53. Re5+ Kd6 54. Rxe4 Kc6 55. Re3 Kb6 56. Rxf3 Kc5 57. Rf6 Kb4 58.
Rxg6 Kxa4 59. Rxg5 Kb4 60. Rf5 Kxc4 61. h4 Kd4 62. h5 Kc3 63. h6 Kd2 64. h7 Ke2 65.
h8=Q Kf1 66. Qh1+ 1-0

[Event "Early-Titled-Tuesday-Blitz-October-24-2023"]
[Site "Chess.com"]
[Date "2023.10.24"]
[Round "5"]
[White "Artemiki"]
[Black "verrbaa"]
[Result "1-0"]
[WhiteElo "2335"]
[BlackElo "2436"]
[TimeControl "180+1"]
[EndTime "8:55:53 PDT"]
[Termination "Artemiki won on time"]

1. e4 e5 2. Nf3 Nc6 3. Bb5 a6 4. Ba4 Nf6 5. O-O Be7 6. d3 d6 7. c3 O-O 8. Re1 Re8 9. Nbd2 Bf8 10. Nf1 g6 11. Ng3 Bg7 12. d4 b5 13. Bb3 Bb7 14.
Bg5 h6 15. Bxf6 Qxf6 16. Bd5 exd4 17. cxd4 Rab8 18. Bxc6 Bxc6 19. Rc1 Bd7 20. Rxc7 Bg4 21. Qb3 Rbc8 22. Rec1 Rxc7 23. Rxc7 Rc8 24. Rxc8+ Bxc8 25. e5 Qf4 26. Qc3 Be6 27. exd6 Qxd6 28. a3 h5 29. h4 Bg4 30. Ne5 Be6 31. Ne4 Qd5 32. Ng5 Bxe5 33. dxe5 Kg7 34. Nxe6+ Qxe6 35. Qe3 Qd5 36. g3 Qd1+ 37.
Kh2 Qd5 38. Qc3 Qe6 39. b3 Kg8 40. a4 bxa4 41. bxa4 Kg7 42. a5 Kg8 43. Qd4 Kg7 44. Qb6 Qf5 45. Qd4 Kg8 46. Kg1 Qb1+ 47. Kh2 Qf5 48.
Kg2 Qc8 49. Qd6 Qb7+ 50. Kh2 Qb2 51. Qd8+ Kh7 52. Qb6 1-0